Map: Proxima Station LE

Players

llllllllllll

  • Race: Protoss Protoss
  • League: Master
  • Spawn Location: 7:00

Railgan - Winner!

  • Race: Zerg Zerg
  • League: Grandmaster
  • Spawn Location: 1:00

VOD

Have the link to the VOD?

Description

Time

  • Played on: May 24, 2017, 5:04 p.m.
  • Length: 16:06
Show
View Real Time Build Order
Export as new Build Order

llllllllllll Protoss 

Build Orders: 1 Gate Expand, Oracle Opening 

Get SALT Encoding   

  12  0:02  Probe (Chrono Boost)  
  13  0:12  Probe (Chrono Boost)  
  14  0:20  Pylon  
  14  0:23  Probe (Chrono Boost)  
  15  0:38  Probe (Chrono Boost)  
  15  0:39  Gateway  
  16  0:43  Assimilator  
  16  0:49  Probe (Chrono Boost)  
  17  0:59  Probe (Chrono Boost)  
  18  1:10  Probe (Chrono Boost)  
  19  1:22  Nexus  
  19  1:23  Probe (Chrono Boost)  
  20  1:33  Cybernetics Core  
  20  1:36  Probe (Chrono Boost)  
  21  1:44  Assimilator  
  22  1:47  Probe (Chrono Boost)  
  22  1:51  Pylon  
  22  1:57  Probe (Chrono Boost)  
  23  2:09  Probe (Chrono Boost), Adept (Chrono Boost)  
  23  2:10  Warp Gate  
  26  2:21  Probe (Chrono Boost)  
  27  2:25  Stargate  
  27  2:33  Probe (Chrono Boost), Adept  
  27  2:35  Probe (Chrono Boost)  
  31  2:43  Probe (Chrono Boost)  
  32  2:45  Probe (Chrono Boost)  
  33  2:54  Probe (Chrono Boost)  
  33  2:56  Probe (Chrono Boost)  
  35  3:04  Probe (Chrono Boost), Stalker  
  38  3:05  Probe (Chrono Boost)  
  38  3:10  Oracle (Chrono Boost)  
  42  3:15  Probe x2  
  44  3:20  Gateway  
  44  3:21  Pylon  
  44  3:26  Gateway, Probe  
  44  3:30  Probe  
  46  3:35  Pylon  
  46  3:37  Probe  
  47  3:41  Oracle (Chrono Boost)  
  47  3:44  Probe  
  47  3:48  Probe  
  52  3:58  Probe  
  52  4:00  Probe  
  54  4:04  Nexus  
  54  4:08  Pylon  
  54  4:10  Probe  
  58  4:19  Probe  
  58  4:22  Probe  
  60  4:26  Adept  
  60  4:27  Adept  
  60  4:30  Probe  
  64  4:31  Adept  
  64  4:34  Probe, Phoenix (Chrono Boost)  
  67  4:40  Probe  
  67  4:42  Assimilator  
  67  4:44  Forge  
  68  4:46  Adept  
  68  4:48  Assimilator  
  70  5:11  Pylon  
  70  5:14  Pylon, Probe (Chrono Boost)  
  70  5:15  Probe (Chrono Boost)  
  70  5:16  Robotics Facility  
  72  5:23  Probe (Chrono Boost)  
  72  5:26  Probe (Chrono Boost)  
  72  5:28  Probe (Chrono Boost)  
  73  5:29  Twilight Council  
  73  5:34  Probe (Chrono Boost)  
  72  5:36  Protoss Ground Weapons Level 1 (Chrono Boost)  
  72  5:37  Probe (Chrono Boost)  
  72  5:38  Probe (Chrono Boost)  
  72  5:46  Sentry x2  
  72  5:47  Probe (Chrono Boost), Sentry  
  72  5:49  Assimilator  
  74  5:52  Mothership Core  
  74  5:53  Assimilator, Probe  
  76  5:59  Probe  
  76  6:02  Pylon  
  76  6:03  Pylon, Immortal (Chrono Boost), Probe  
  81  6:09  Charge (Chrono Boost)  
  83  6:11  Probe  
  83  6:13  Gateway  
  83  6:14  Gateway, Probe x2  
  83  6:17  Gateway  
  85  6:19  Zealot x2  
  85  6:20  Gateway  
  85  6:21  Sentry  
  85  6:24  Gateway  
  75  6:28  Probe x2  
  75  6:29  Probe  
  75  6:39  Probe  
  70  6:40  Probe  
  70  6:41  Probe  
  70  6:42  Pylon  
  73  6:49  Probe  
  73  6:52  Probe  
  73  6:53  Probe  
  76  6:55  Sentry x3  
  76  7:00  Probe  
  82  7:03  Templar Archives  
  82  7:04  Probe  
  82  7:06  Probe, Immortal (Chrono Boost)  
  89  7:10  Probe  
  89  7:13  Protoss Ground Weapons Level 2  
  90  7:17  Probe  
  90  7:18  Probe  
  90  7:21  Probe  
  93  7:28  Psionic Storm  
  93  7:29  Probe  
  94  7:30  Photon Cannon  
  94  7:34  Probe  
  94  7:35  Probe  
  94  7:36  Photon Cannon  
  96  7:41  Probe  
  96  7:43  Immortal  
  101  7:44  Probe  
  101  7:50  Photon Cannon  
  101  7:51  High Templar  
  104  7:55  High Templar  
  104  7:57  Zealot x5  
  116  8:02  Pylon  
  116  8:09  Pylon  
  116  8:17  High Templar  
  116  8:19  High Templar  
  112  8:20  Zealot x2  
  112  8:21  Zealot x2  
  112  8:23  Archon  
  112  8:24  Archon  
  108  8:33  Probe  
  101  8:37  Probe, Zealot x2  
  101  8:38  Probe  
  101  8:41  Immortal  
  101  8:42  Zealot x4  
  101  8:45  Photon Cannon  
  101  8:47  Pylon, Photon Cannon  
  109  8:50  High Templar  
  109  8:51  High Templar  
  111  9:01  High Templar  
  107  9:02  Zealot x2  
  107  9:03  Zealot x3  
  111  9:18  Archon  
  111  9:20  Probe, Immortal  
  111  9:24  Zealot x6  
  107  9:38  Probe  
  97  9:40  High Templar x2  
  101  9:49  Probe, High Templar  
  101  9:50  High Templar  
  101  9:51  Probe x2, Protoss Ground Weapons Level 3  
  112  10:00  Immortal (Chrono Boost), High Templar  
  112  10:01  Zealot x3  
  118  10:17  Photon Cannon  
  117  10:25  High Templar  
  117  10:26  Zealot x4  
  124  10:28  Archon  
  116  10:38  Immortal (Chrono Boost)  
  116  10:42  Zealot x3  
  124  10:50  Archon  
  124  10:53  Zealot  
  114  10:58  Pylon  
  114  10:59  Pylon  
  114  11:03  Oracle  
  117  11:10  Nexus  
  117  11:12  Pylon  
  117  11:13  Pylon  
  117  11:16  Warp Prism (Chrono Boost)  
  117  11:17  High Templar x3  
  117  11:18  High Templar  
  127  11:20  Zealot x3  
  133  11:27  Pylon  
  133  11:30  Probe  
  128  11:42  Zealot  
  128  11:43  Zealot x2  
  130  11:47  Zealot  
  128  11:58  Mothership Core, Immortal (Chrono Boost)  
  134  12:07  Fleet Beacon  
  134  12:08  Oracle  
  134  12:11  High Templar  
  134  12:12  High Templar  
  134  12:13  Zealot x6  
  153  12:16  Archon  
  153  12:19  Pylon  
  153  12:20  Assimilator, Pylon  
  153  12:24  Assimilator  
  153  12:29  Stargate  
  153  12:43  Stalker x4  
  161  12:49  Phoenix  
  163  13:01  Zealot x4  
  171  13:10  Zealot  
  166  13:19  Tempest (Chrono Boost)  
  172  13:20  Tempest (Chrono Boost)  
  178  13:27  Pylon  
  178  13:28  Pylon  
  178  13:29  Protoss Shields Level 1  
  184  13:43  Protoss Air Weapons Level 1  
  184  13:51  Stargate  
  184  13:57  Tempest (Chrono Boost)  
  184  13:58  Tempest (Chrono Boost)  
  184  14:00  Photon Cannon  
  176  14:24  Zealot x5  
  176  14:25  Zealot x2  
  154  14:49  Archon  
  154  14:51  Tempest (Chrono Boost)  
  154  14:52  Tempest (Chrono Boost)  
  153  14:53  Zealot x5  
  143  15:09  Probe  
  106  15:15  Observer  
  107  15:24  Zealot x3  
  107  15:25  Sentry  
  109  15:31  Zealot  
  109  15:32  High Templar x2  
  90  15:44  Probe  
  90  15:45  Probe  
  87  15:51  High Templar  
  87  15:52  High Templar  
Show
View Real Time Build Order
Export as new Build Order

Railgan Zerg - Winner!

Build Orders: 3 Hatch before Pool 

Get SALT Encoding   

  12  0:01  Drone  
  13  0:13  Overlord  
  13  0:17  Drone  
  14  0:33  Drone x2  
  16  0:38  Drone  
  17  0:47  Drone  
  18  0:56  Hatchery  
  17  1:15  Hatchery  
  16  1:19  Drone  
  16  1:22  Drone  
  18  1:33  Extractor  
  18  1:38  Spawning Pool  
  16  1:42  Drone  
  16  1:43  Drone  
  16  1:46  Drone  
  19  1:55  Overlord  
  19  2:11  Drone  
  19  2:12  Drone  
  21  2:24  Drone  
  21  2:25  Queen  
  21  2:26  Queen  
  21  2:28  Zergling x2  
  21  2:29  Zergling x2  
  28  2:38  Metabolic Boost  
  28  2:43  Queen  
  30  2:47  Drone  
  31  2:54  Drone x3  
  34  2:59  Drone  
  34  3:05  Drone  
  35  3:07  Drone x3  
  35  3:09  Drone  
  38  3:14  Overlord  
  38  3:16  Drone  
  39  3:23  Drone  
  39  3:24  Drone  
  39  3:26  Drone x2  
  42  3:27  Spore Crawler  
  42  3:29  Spore Crawler  
  42  3:31  Drone  
  41  3:36  Spore Crawler  
  41  3:37  Drone  
  41  3:41  Overlord  
  41  3:42  Drone x2  
  41  3:44  Drone  
  44  3:49  Drone x2  
  44  3:50  Drone  
  44  3:54  Overlord  
  47  4:00  Zergling x4  
  47  4:02  Drone  
  50  4:11  Evolution Chamber  
  50  4:12  Drone, Overlord, Queen  
  50  4:14  Drone  
  54  4:24  Drone x5  
  54  4:27  Overlord  
  58  4:32  Drone x3  
  58  4:37  Extractor  
  63  4:44  Drone x3  
  66  4:49  Overlord  
  66  4:51  Drone x7  
  73  4:53  Drone  
  73  4:54  Drone  
  73  4:56  Lair  
  73  4:58  Extractor, Drone, Zergling x2  
  73  5:04  Zergling x2  
  73  5:05  Overlord  
  74  5:08  Overlord  
  74  5:09  Extractor x2  
  74  5:10  Drone  
  74  5:11  Drone  
  74  5:12  Zerg Melee Weapons Level 1  
  74  5:15  Zergling x2  
  74  5:16  Zergling x2  
  74  5:17  Baneling Nest  
  74  5:20  Zergling x6  
  76  5:22  Zergling x2  
  76  5:25  Zergling x2  
  76  5:27  Zergling x2  
  76  5:28  Zergling x2  
  76  5:30  Queen  
  77  5:41  Drone x2  
  77  5:43  Drone x3  
  77  5:45  Drone  
  77  5:46  Drone x3  
  77  5:49  Drone  
  83  5:51  Drone  
  83  5:54  Drone x4  
  88  5:59  Drone  
  89  6:04  Hydralisk Den  
  89  6:05  Extractor  
  89  6:06  Overlord  
  89  6:10  Overlord  
  87  6:17  Zergling x2  
  87  6:18  Zergling x2  
  89  6:21  Zergling x2  
  89  6:22  Zergling x8  
  89  6:24  Hatchery, Zergling x2  
  89  6:25  Zergling x8  
  97  6:27  Zergling x2  
  97  6:39  Zergling x6  
  96  6:44  Zergling x2  
  96  6:46  Drone  
  95  6:51  Muscular Augments, Centrifical Hooks  
  95  6:53  Hatchery  
  93  6:54  Drone x2  
  93  6:58  Zergling x6  
  98  7:03  Overlord  
  98  7:06  Hydralisk x3, Baneling x3  
  104  7:14  Hydralisk  
  106  7:18  Hydralisk x4  
  106  7:20  Overlord x2  
  106  7:22  Pneumatized Carapace  
  114  7:23  Drone  
  114  7:24  Overlord  
  115  7:34  Hydralisk x3  
  121  7:42  Hydralisk  
  123  7:44  Baneling  
  123  7:45  Hydralisk x2, Baneling x11  
  123  7:46  Baneling  
  127  7:57  Drone x6  
  133  8:00  Hatchery  
  133  8:01  Drone x3  
  133  8:04  Overlord  
  135  8:07  Zerg Melee Weapons Level 2  
  135  8:12  Evolution Chamber  
  131  8:15  Hydralisk x2  
  131  8:18  Hydralisk  
  135  8:20  Baneling x5  
  135  8:22  Zergling x2  
  126  8:33  Zergling x2  
  122  8:34  Zergling x14  
  122  8:35  Hydralisk x3  
  122  8:38  Zergling x6  
  122  8:39  Zergling x2  
  122  8:40  Drone  
  126  8:43  Baneling x2  
  126  8:44  Zergling x2  
  126  8:46  Hydralisk  
  129  8:50  Zergling x2  
  127  8:56  Zergling x10  
  127  8:59  Hydralisk  
  127  9:00  Hydralisk x2  
  127  9:01  Zergling x2  
  137  9:08  Zergling x4  
  138  9:10  Baneling  
  138  9:11  Baneling x7  
  138  9:12  Zerg Missile Weapons Level 1  
  138  9:15  Infestation Pit  
  135  9:20  Hydralisk  
  135  9:21  Hydralisk x3  
  125  9:33  Hydralisk x4  
  125  9:37  Hydralisk x4  
  133  9:38  Zergling x2  
  133  9:39  Zergling x8  
  133  9:41  Zergling x2  
  133  9:42  Drone  
  133  9:43  Zergling x8  
  139  9:46  Drone x3  
  139  9:48  Baneling x7  
  142  9:52  Extractor  
  142  9:53  Extractor  
  142  9:59  Zergling x2  
  142  10:00  Hive, Zergling x2  
  142  10:02  Zergling x2  
  143  10:08  Drone x3  
  143  10:09  Drone x3, Overlord  
  143  10:10  Spire  
  143  10:11  Overlord  
  143  10:13  Overlord  
  142  10:24  Baneling  
  142  10:25  Zergling x2, Baneling x7  
  142  10:26  Zergling x12  
  140  10:37  Zergling x2  
  140  10:39  Zergling x2  
  140  10:40  Drone  
  140  10:41  Zergling x2  
  136  10:43  Hydralisk  
  136  10:48  Zergling x8  
  123  10:57  Zergling x2  
  123  10:58  Zergling x10  
  123  10:59  Hydralisk x3  
  123  11:01  Baneling  
  123  11:02  Baneling x5  
  129  11:06  Hydralisk x2  
  129  11:07  Hydralisk  
  129  11:10  Baneling  
  129  11:11  Baneling x3  
  135  11:12  Zergling x4  
  135  11:17  Baneling x4  
  137  11:19  Adrenal Glands  
  137  11:22  Greater Spire  
  137  11:25  Spine Crawler, Drone x3  
  138  11:26  Zergling x2  
  138  11:27  Spine Crawler x3  
  138  11:30  Hydralisk  
  139  11:34  Zergling x2, Baneling x6  
  133  11:42  Zergling x2  
  133  11:43  Zergling x12  
  125  11:55  Zergling x10  
  125  11:57  Baneling  
  125  11:58  Zergling x6, Baneling x3  
  125  11:59  Zergling x18  
  142  12:06  Extractor x2  
  140  12:11  Corruptor x8  
  156  12:33  Baneling  
  156  12:34  Zergling x2, Baneling x6  
  156  12:35  Drone, Zergling x10  
  163  12:45  Spore Crawler  
  163  12:46  Spore Crawler  
  163  12:49  Zergling x8  
  165  12:51  Hydralisk  
  165  12:56  Zergling x6  
  166  13:07  Baneling  
  166  13:08  Baneling x4  
  157  13:16  Brood Lord x4  
  157  13:17  Corruptor x2, Brood Lord x4  
  177  13:25  Zergling x2  
  177  13:26  Zergling x4  
  180  13:28  Overlord  
  180  13:29  Overlord x4  
  180  13:32  Overlord  
  180  13:34  Overseer, Spine Crawler x3, Burrow  
  180  13:38  Baneling x3  
  180  13:39  Baneling x7  
  177  13:44  Overseer x2  
  177  13:47  Hatchery  
  176  13:53  Infestor x3  
  176  13:55  Zergling x12  
  184  13:56  Zergling x2  
  184  14:00  Zergling x12  
  196  14:02  Zergling x2  
  196  14:03  Zergling x8  
  196  14:08  Overseer x2  
  197  14:19  Zergling x4  
  197  14:21  Hydralisk  
  197  14:23  Hydralisk  
  179  14:38  Corruptor x2  
  179  14:39  Corruptor  
  179  14:43  Hydralisk  
  186  14:45  Hydralisk  
  186  14:46  Hydralisk x2  
  186  14:47  Zergling x2  
  186  14:48  Zergling x18  
  186  14:50  Zergling x6  
  186  14:51  Hydralisk x4, Zergling x2  
  189  14:55  Hydralisk  
  183  15:00  Hydralisk  
  183  15:02  Hydralisk x4  
  174  15:09  Hydralisk  
  174  15:10  Hydralisk x3  
  174  15:11  Hydralisk  
  171  15:16  Hydralisk  
  171  15:17  Hydralisk  
  171  15:21  Hydralisk  
  167  15:22  Hydralisk x4  
  176  15:30  Hydralisk  
  176  15:34  Hydralisk  
  176  15:35  Hydralisk x3  
  179  15:36  Hydralisk  
  179  15:38  Hydralisk  
  179  15:40  Hydralisk  
Tags
 
Add a new tag
Caveats
  • Supply blocks, unpowered buildings, or Contaminate may cause inaccurate times.
  • Supply counts are checked every 10 seconds.